 Dungeon Crawl Stone Soup version 0.27-a0-1186-g8b4daa1eef (webtiles) character file.

Game seed: 13121250524721540973

14 voltaire321 the Slasher (level 2, 0/17 HPs)
             Began as a Tengu Gladiator on May 19, 2021.
             Slain by a quokka (3 damage)
             ... on level 1 of the Dungeon.
             The game lasted 00:01:37 (380 turns).

voltaire321 the Slasher (Tengu Gladiator)            Turns: 380, Time: 00:01:37

Health: 0/17       AC:  3    Str: 14    XL:     2   Next: 41%
Magic:  3/3        EV: 12    Int:  8    God:
Gold:   9          SH:  0    Dex: 15    Spells: 1/1 levels left

rFire    . . .     SeeInvis .   a - +0 long sword
rCold    . . .     Faith    .   (no shield)
rNeg     . . .     Spirit   .   b - +0 leather armour
rPois    .         Reflect  .   c - +0 hat
rElec    .         Harm     .   (no cloak)
rCorr    .         Rampage  .   (no gloves)
Will     .....                  (boots unavailable)
Stlth    +.........             (no amulet)
HPRegen  0.05/turn              (no ring)
MPRegen  0.08/turn              (no ring)

@: no status effects
A: beak, talons 3
a: no special abilities


You were on level 1 of the Dungeon.
You visited 1 branch of the dungeon, and saw 1 of its levels.

You collected 9 gold pieces.

Inventory:

Hand Weapons
 a - a +0 long sword (weapon)
Missiles
 d - 3 throwing nets (quivered)
Armour
 b - a +0 leather armour (worn)
 c - a +0 hat (worn)
Scrolls
 e - a scroll of summoning {unknown}


   Skills:
 + Level 2.2 Fighting
 + Level 3.4 Long Blades
 + Level 2.2 Throwing
 + Level 0.7 Armour
 + Level 3.4 Dodging


You had one spell level left.
You didn't know any spells.
Your spell library was empty.

Dungeon Overview and Level Annotations

Branches:
Dungeon (1/15)

Altars:


Innate Abilities, Weirdness & Mutations

You have a beak for a mouth.
You have claws for feet.


Message History

You hit the kobold.
You kill the kobold!
You see here a +0 dagger.
e - a scroll labelled XUASASA XUYRIPN A bat comes into view.
A rat comes into view.
The bat misses you.
You riposte.
You closely miss the bat. The bat hits you but does no damage.
A quokka comes into view.
The bat barely misses you.
You closely miss the bat. You claw the bat.
The bat is moderately wounded.
The bat closely misses you. The bat barely misses you. x2
You barely miss the bat. You claw the bat.
You kill the bat!
The quokka bites you.
You hit the quokka but do no damage. Your kick misses the quokka.
The rat barely misses you. The quokka bites you.
The rat bites you but does no damage. The quokka bites you.
You barely miss the rat. You claw the rat.
You kill the rat!
The quokka barely misses you.
You riposte.
You hit the quokka. Your peck misses the quokka.
The quokka is almost dead.
You barely miss the quokka. Your kick misses the quokka.
The quokka is almost dead.
The quokka closely misses you.
You hit the quokka but do no damage. Your peck misses the quokka.
The quokka is almost dead.
The quokka bites you but does no damage.
The quokka bites you.
You barely miss the quokka. Your kick misses the quokka.
Your peck misses the quokka.
The quokka is almost dead.
The quokka bites you.
* * * LOW HITPOINT WARNING * * *
You barely miss the quokka.
The quokka is almost dead.
The quokka bites you.
You die...

###......#####+##
#.# ....#....#
#.# #####....#
#.# #....# #.# ##
###### ######.#
.. #......# ##
#.###### #.# #@#
#...r†..#
#.......#
#.......#
####....# ...#.#
...#.. #...####


You could see a quokka.

Vanquished Creatures
  An endoplasm (D:1)
  2 giant cockroaches (D:1)
  A hobgoblin (D:1)
  2 kobolds (D:1)
  A quokka (D:1)
  A ball python (D:1)
  A bat (D:1)
  3 frilled lizards (D:1)
  2 rats (D:1)
14 creatures vanquished.

Notes
Turn   | Place    | Note
-------+----------+-------------------------------------------
     0 | D:1      | voltaire321 the Tengu Gladiator began the quest for the
                  | Orb.
     0 | D:1      | Reached XP level 1. HP: 12/12 MP: 2/2
     2 | D:1      | Noticed a barachi
     2 | D:1      | Noticed a troll
     4 | D:1      | Noticed a felid
     6 | D:1      | Noticed a ghoul
     6 | D:1      | Noticed a vampire
     8 | D:1      | Noticed an octopode
     8 | D:1      | Noticed a human
    10 | D:1      | Noticed a naga
    10 | D:1      | Noticed a formicid
    12 | D:1      | Noticed a draconian
    14 | D:1      | Noticed a palentonga
    14 | D:1      | Noticed a demigod
    16 | D:1      | Noticed a tengu
    16 | D:1      | Noticed an ogre
    18 | D:1      | Noticed a spriggan
    18 | D:1      | Noticed a merfolk
    20 | D:1      | Noticed a centaur
    20 | D:1      | Noticed an elf
    22 | D:1      | Noticed a dwarf
    22 | D:1      | Noticed a demonspawn
    24 | D:1      | Noticed a gargoyle
    26 | D:1      | Noticed a minotaur
    26 | D:1      | Noticed a vine stalker
    98 | D:1      | Reached XP level 2. HP: 15/17 MP: 3/3
   380 | D:1      | Slain by a quokka

Illustrated notes

Levels and vault maps discovered:
D:1:      kb_arrival_jail, layout_basic

Action                   || total
-------------------------++-------
Melee: Long sword        ||    23
       Kick              ||     5
       Peck              ||     2
Armor: Leather armour    ||     7
Dodge: Dodged            ||    16
       Rpst.: Long sword ||     8

Table legend: (Time is in decaauts)
 A = Elapsed time spent in this place.
 B = Non-inter-level travel time spent in this place.
 C = Inter-level travel time spent in this place.
 D = Time resting spent in this place.
 E = Time spent auto-exploring this place.
 F = Levels seen in this place.
 G = Mean time per level.
                   A        B        C        D        E       F      G
               +--------+--------+--------+--------+--------+-----+--------+
         Total |    385 |    385 |      0 |      0 |    310 |   1 |  385.0 |
       Dungeon |    385 |    385 |      0 |      0 |    310 |   1 |  385.0 |
               +--------+--------+--------+--------+--------+-----+--------+

Top non-repeatable levels by time:
     D:1: 385 daAuts
